 Dungeon Crawl Stone Soup version 0.29.0-11-gd7f09526c8 (webtiles) character file.

Game seed: 3201460145126761122

30156 Zonian the Fighter (level 13, -4/144 HPs)
             Began as a Troll Fighter on Sept 3, 2022.
             Was a Priest of Wu Jian.
             Slain by an orc warlord
             ... wielding a +0 antimagic glaive
              (25 damage)
             ... on level 2 of the Orcish Mines on Sept 4, 2022.
             The game lasted 00:53:02 (20471 turns).

Zonian the Fighter (Troll Fighter)                 Turns: 20471, Time: 00:53:05

Health: -4/144     AC:  8    Str: 33    XL:     13   Next: 19%
Magic:  0/12       EV:  9    Int:  8    God:    Wu Jian [***...]
Gold:   352        SH: 17    Dex:  9    Spells: 12/12 levels left

rFire   . . .      SeeInvis .     - Unarmed
rCold   + . .      Faith    .   b - +2 kite shield
rNeg    . . .      Spirit   .   B - +0 troll leather armour
rPois   +          Reflect  +   (helmet restricted)
rElec   .          Harm     .   J - +1 cloak {rPois}
rCorr   .          Rampage  .   (gloves unavailable)
Will    +....                   (boots unavailable)
Stlth   +.........              G - amulet of reflection
HPRegen 1.94/turn               o - ring of False Hope {Will+ Str+6}
MPRegen 0.13/turn               v - ring of protection from cold

@: mighty, exhausted, hasted, very quick
A: large, unfitting armour, claws 3, regeneration 1, shaggy fur 1, tough skin 1
a: Renounce Religion, Wall Jump, Serpent's Lash


You were on level 2 of the Orcish Mines.
You worshipped Wu Jian.
Wu Jian was most pleased with you.
You visited 4 branches of the dungeon, and saw 20 of its levels.

You collected 1241 gold pieces.
You spent 889 gold pieces at shops.

Inventory:

Hand Weapons
 a - a +2 vorpal flail
 A - the +6 dagger of the Eternal Warrior {venom, rN+}
   (You found it on level 4 of the Dungeon)

   It poisons the flesh of those it strikes.
   rN:        It protects you from negative energy.
 M - a +0 rapier
Missiles
 l - 118 stones (quivered)
 m - 8 javelins
 y - 3 throwing nets
 D - 26 poisoned darts
 I - 6 boomerangs
Armour
 b - a +2 kite shield (worn)
 j - an orb of light
 t - a +1 animal skin
 B - a +0 troll leather armour (worn)
 J - a +1 cloak of poison resistance (worn)
Jewellery
 d - an amulet of magic regeneration
 f - a ring of see invisible
 h - a ring of resist corrosion
 o - the ring of False Hope (left claw) {Will+ Str+6}
   (You acquired it on level 8 of the Dungeon)

   [ring of strength]

   Str:       It affects your strength (+6).
   Will:      It increases your willpower.
 v - a ring of protection from cold (right claw)
 G - an amulet of reflection (around neck)
 P - a ring of flight
Wands
 x - a wand of paralysis (3)
 z - a wand of flame (18)
Scrolls
 e - 4 scrolls of butterflies
 k - 8 scrolls of identify
 C - 2 scrolls of enchant weapon
 E - a scroll of brand weapon
 K - 2 scrolls of magic mapping
 N - 3 scrolls of enchant armour
 Q - a scroll of poison
Potions
 c - 3 potions of might
 g - 4 potions of lignification
 i - 2 potions of magic
 n - 3 potions of haste
 p - 2 potions of heal wounds
 q - 3 potions of mutation
 r - 7 potions of curing
 s - a potion of resistance
 u - a potion of cancellation
 w - 3 potions of ambrosia
 O - 2 potions of brilliance
Miscellaneous
 H - a lightning rod (1/4)
 L - a box of beasts (inert)


   Skills:
 - Level 13.0 Fighting
 + Level 3.3 Dodging
 - Level 2.0 Stealth
 + Level 10.9 Shields
 + Level 12.1 Unarmed Combat


You had 12 spell levels left.
You didn't know any spells.
Your spell library contained the following spells:

 Spells                   Type           Power      Damage    Failure   Level
 Apportation              Tloc           0%         N/A       65%         1
 Foxfire                  Conj/Fire      0%         2x1d4     65%         1
 Necrotise                Necr           0%         1d4       65%         1
 Blink                    Tloc           0%         N/A       78%         2
 Static Discharge         Conj/Air       0%         3-3/arc   78%         2
 Conjure Flame            Conj/Fire      0%         6-21      95%         3
 Gell's Gravitas          Tloc           0%         N/A       95%         3
 Inner Flame              Hex/Fire       0%         N/A       95%         3
 Lesser Beckoning         Tloc           0%         N/A       95%         3
 Portal Projectile        Hex/Tloc       0%         N/A       95%         3
 Teleport Other           Tloc           0%         N/A       95%         3
 Tukima's Dance           Hex            0%         N/A       95%         3
 Vampiric Draining        Necr           0%         2d6       95%         3
 Dispel Undead            Necr           0%         3d6       100%        4
 Flame Wave               Conj/Fire      0%         2d4       100%        4
 Passage of Golubria      Tloc           0%         N/A       100%        4
 Sticky Flame             Conj/Fire      0%         2d3       100%        4
 Agony                    Necr           0%         N/A       100%        5
 Alistair's Intoxication  Tmut/Pois      0%         N/A       100%        5
 Blade Hands              Tmut           0%         N/A       100%        5
 Manifold Assault         Tloc           0%         N/A       100%        5
 Yara's Violent Unravell  Hex/Tmut       0%         3d3       100%        5
 Storm Form               Tmut/Air       0%         N/A       100%        7


Dungeon Overview and Level Annotations

Branches:
Dungeon (12/15)            Temple (1/1) D:6            Lair (5/5) D:11
 Shoals (0/4) Lair:2       Spider (0/4) Lair:2        Slime (0/5) Lair:5
    Orc (2/2) D:10
    Elf: Orc:2

Altars:
Ashenzari
Cheibriados
Dithmenos
Fedhas
Gozag
Kikubaaqudgha
Makhleb
Nemelex Xobeh
Qazlal
Ru
Sif Muna
Trog
Vehumet
Wu Jian
Yredelemnul
Zin
The Shining One

Shops:
D:3 *   D:4 (*   D:5 *   D:6 *   D:8 [   D:10 *   Orc:2 [*

Annotations:
D:9 1 runed translucent door, kd29's ghost, novice DsAE
Lair:5 1 runed translucent door, Adrian566's ghost, journeyman OpFi


Innate Abilities, Weirdness & Mutations

You are too large for most types of armour.
You have claws for hands.
Your natural rate of healing is unusually fast.
You are covered in fur. (AC +1)
You have tough skin. (AC +1)


Message History

You feel your power leaking away.
You hear a shout!
Unknown command.
You barely miss the cyclops.
The cyclops is heavily wounded.
You block the cyclops's attack.
Unknown command.
You mangle the cyclops!!
The cyclops is almost dead.
You block the orc's attack.
The orc grunts loudly.
The orc warlord hits you from afar with a +0 antimagic glaive!!
* * * LOW HITPOINT WARNING * * *
An orc knight comes into view. It is wielding a +3 great sword.
You feel much better.
An orc comes into view. It is wielding a +0 falchion.
The orc warlord hits you from afar with a +0 antimagic glaive!!!
* * * LOW HITPOINT WARNING * * *
You block the cyclops's attack.
The orc knight shouts!
You hear a shout! x4
Unknown command.
Aiming: Wall Jump
Press: ? - help, Dir - move target An orc priest, an orc warrior, 2 orcs and an orc sorcerer come into view.
You repeatedly attack the troll from above.
You eviscerate the troll!!!
You kill the troll!
The Council accepts your kill.
The troll leather armour is intact enough to wear.
You repeatedly attack the warg from above.
You mangle the warg!!
The warg is severely wounded.
You mangle the warg!!
You kill the warg!
The Council accepts your kill.
The orc no longer looks unusually strong.
The orc warrior no longer looks unusually strong.
The orc wizard no longer looks unusually strong.
The orc warlord hits you from afar with a +0 antimagic glaive!!
You die...

...$. ..ooo........#
...o.........
ooo.h......#
###........#
#.........##
####...o.....#
##....ooo○○○..#..#
#####.....oTo○@○......
.##.........CCC°#○......
....P...P...O#.##.......
..P.P.......C### ##.....
....P.....P...####......
.............##.#.$.....
P.8..∩....P.O..........P
....................P...
.............C....P...


You could see an orc warlord, an orc knight (strong), 3 cyclopes, a troll, a
warg, an orc sorcerer (strong), 2 orc warriors, an ogre, an orc priest, 2 orc
wizards and 5 orcs.

Vanquished Creatures
  2 ettins (Orc:2)
  4 hydras
  A boulder beetle (D:11)
  2 two-headed ogres
  3 death yaks
  An orc sorcerer (Orc:2)
  2 cyclopes
  6 elephants
  3 black mambas
  A gargoyle (D:11)
  4 rime drakes
  10 cane toads
  9 komodo dragons
  3 trolls
  2 polar bears
  3 blink frogs (Lair:4)
  Sigmund (D:2)
  A shadow (D:9)
  2 culicivoras (Lair:2)
  4 wyverns
  2 basilisks
  24 yaks
  A steam dragon (D:10)
  A warg (Orc:2)
  4 vampire mosquitoes (D:11)
  12 water moccasins
  A sky beast (D:7)
  4 black bears
  2 orc warriors
  2 ogres
  4 wolves (Lair:2)
  4 centaurs
  2 phantoms
  Blork the orc (D:5)
  7 bullfrogs
  3 scorpions
  8 killer bees
  4 electric eels
  5 howler monkeys
  An orc priest (D:9)
  A jelly (D:5)
  2 gnoll boudas
  5 hounds
  4 iguanas
  3 orc wizards
  Robin (D:3)
  11 gnolls
  3 adders
  2 shadow imps
  4 white imps
  3 ufetubi
  7 dart slugs
  20 orcs
  7 ball pythons
  7 bats
  6 endoplasms
  A giant cockroach (D:2)
  21 goblins
  8 hobgoblins
  7 jackals
  6 kobolds
  5 quokkas
  3 training dummies (D:4)
  3 frilled lizards
  8 rats
304 creatures vanquished.

Vanquished Creatures (collateral kills)
  A hydra (Lair:2)
1 creature vanquished.

Vanquished Creatures (others)
  10 fungi
  29 plants
39 creatures vanquished.

Grand Total: 344 creatures vanquished

Notes
Turn   | Place    | Note
-------+----------+-------------------------------------------
     0 | D:1      | Zonian the Troll Fighter began the quest for the Orb.
     0 | D:1      | Reached XP level 1. HP: 22/22 MP: 0/0
    96 | D:1      | Reached XP level 2. HP: 29/29 MP: 1/1
   382 | D:1      | Reached XP level 3. HP: 31/36 MP: 2/2
   456 | D:1      | Found a faded altar of an unknown god.
   920 | D:2      | Found an opulent altar of Gozag.
   924 | D:2      | Reached skill level 3 in Fighting
   998 | D:2      | Noticed Sigmund
  1026 | D:2      | Killed Sigmund
  1027 | D:2      | Reached skill level 1 in Stealth
  1027 | D:2      | Reached XP level 4. HP: 35/48 MP: 3/3
  1027 | D:2      | Reached XP level 5. HP: 40/54 MP: 4/4
  1087 | D:2      | Reached skill level 4 in Fighting
  1912 | D:3      | Noticed Robin
  1923 | D:3      | Killed Robin
  2258 | D:2      | Reached XP level 6. HP: 59/62 MP: 5/5
  2917 | D:3      | Found Axtudots's Assorted Antiques.
  2923 | D:3      | Bought a glass ring for 130 gold pieces
  2923 | D:3      | Bought a fuming brown potion for 23 gold pieces
  3138 | D:4      | Found Xahe's Firing Range.
  3224 | D:4      | Identified the +6 dagger of the Eternal Warrior {venom,
                  | rN+}
  3999 | D:4      | Found Uskey's General Store.
  4048 | D:4      | Identified the +0 robe of Pan Jum {Int+2}
  4191 | D:5      | Entered Level 5 of the Dungeon
  4191 | D:5      | Noticed Blork the orc
  4201 | D:5      | Killed Blork the orc
  4268 | D:5      | Reached XP level 7. HP: 71/71 MP: 6/6
  4294 | D:5      | Reached skill level 5 in Fighting
  4300 | D:5      | Found Kihyrr's Fire Supplies.
  4439 | D:5      | Noticed a wyvern
  4456 | D:5      | Killed a wyvern
  4535 | D:5      | Reached XP level 8. HP: 83/83 MP: 7/7
  4568 | D:5      | Reached skill level 6 in Fighting
  4568 | D:5      | Reached skill level 5 in Unarmed Combat
  4572 | D:5      | Found a broken altar of Ashenzari.
  5203 | D:6      | Found a sparkling altar of Nemelex Xobeh.
  5276 | D:6      | Found Lyca's Luxury Loot.
  5744 | D:6      | Found a staircase to the Ecumenical Temple.
  5753 | Temple   | Entered the Ecumenical Temple
  5761 | Temple   | Became a worshipper of the Wu Jian Council
  5899 | D:7      | Reached skill level 7 in Fighting
  6045 | D:7      | Reached skill level 5 in Shields
  6045 | D:7      | Reached XP level 9. HP: 92/93 MP: 8/8
  6516 | D:8      | Found a snail-covered altar of Cheibriados.
  6532 | D:8      | Found Gilgamesh's Dragon-Slaying Spoils.
  7175 | D:8      | Reached * piety under Wu Jian
  7202 | D:8      | Identified a scroll of acquirement
  7202 | D:8      | Acquired the ring of False Hope {Will+ Str+6}
  7483 | D:8      | Reached skill level 8 in Fighting
  8158 | D:9      | Found a radiant altar of Vehumet.
  8360 | D:9      | Noticed a troll
  8388 | D:9      | Reached skill level 9 in Fighting
  8388 | D:9      | Reached XP level 10. HP: 98/107 MP: 9/9
  8657 | D:9      | Noticed kd29's ghost (novice DsAE)
  8658 | D:9      | Found a runed translucent door.
  8798 | D:9      | Found a glowing golden altar of the Shining One.
  8798 | D:9      | Found a blossoming altar of Fedhas.
  8883 | D:9      | Found a glowing silver altar of Zin.
  8885 | D:9      | Noticed an angel
  9110 | D:10     | Entered Level 10 of the Dungeon
  9127 | D:10     | Found a bloodstained altar of Trog.
  9198 | D:10     | Found a staircase to the Orcish Mines.
  9358 | D:3      | Bought a square platinum amulet for 130 gold pieces
  9358 | D:3      | Bought an encrusted silver wand for 104 gold pieces
  9690 | D:10     | Found Sehiptit's Neck Hole.
 10322 | D:11     | Noticed a boulder beetle
 10359 | D:11     | Reached skill level 10 in Fighting
 10412 | D:11     | Noticed a seven-headed hydra
 10432 | D:11     | Killed a seven-headed hydra
 10628 | D:11     | Killed a boulder beetle
 10629 | D:11     | Reached XP level 11. HP: 50/119 MP: 10/10
 10920 | D:11     | Found a staircase to the Lair.
 11093 | D:11     | Noticed a two-headed ogre
 11101 | D:11     | Killed a two-headed ogre
 11661 | Lair:1   | Entered Level 1 of the Lair of Beasts
 11743 | D:10     | Bought a +1 cloak of poison resistance for 162 gold pieces
 11851 | Lair:1   | Reached skill level 11 in Fighting
 12875 | Lair:2   | Noticed a death yak
 12878 | Lair:2   | Noticed a death yak
 12879 | Lair:2   | Noticed a death yak
 12909 | Lair:1   | Killed a death yak
 12909 | Lair:1   | Reached ** piety under Wu Jian
 13169 | Lair:2   | Noticed a four-headed hydra
 13177 | Lair:2   | Killed a four-headed hydra
 13338 | Lair:2   | Found a hole to the Spider Nest.
 14131 | Lair:2   | Found a staircase to the Shoals.
 14178 | Lair:2   | Killed a death yak
 14249 | Lair:2   | Killed a death yak
 14250 | Lair:2   | Reached skill level 10 in Unarmed Combat
 15008 | Lair:3   | Reached skill level 12 in Fighting
 15019 | Lair:3   | Reached XP level 12. HP: 100/132 MP: 11/11
 15985 | Lair:3   | Noticed a five-headed hydra
 16032 | Lair:3   | Killed a five-headed hydra
 16595 | D:4      | Bought a lightning rod (4/4) for 300 gold pieces
 16595 | D:4      | Bought a scroll of fear for 40 gold pieces
 17292 | Lair:4   | Identified the +2 robe of the Desolation of Salt {Will+
                  | Str+5 SInv}
 17596 | Lair:4   | Found a dark tunnel.
 17827 | Lair:4   | Reached *** piety under Wu Jian
 17892 | Lair:5   | Entered Level 5 of the Lair of Beasts
 17963 | Lair:5   | Reached skill level 13 in Fighting
 17978 | Lair:5   | Reached skill level 10 in Shields
 18254 | Lair:5   | Noticed a seven-headed hydra
 18675 | Lair:5   | Found a staircase to the Slime Pits.
 18703 | Lair:5   | Killed an eight-headed hydra
 19128 | Lair:5   | Noticed a seven-headed hydra
 19228 | Lair:5   | Killed a seven-headed hydra
 19438 | Lair:5   | Noticed a catoblepas
 19453 | Lair:5   | Found a runed translucent door.
 19455 | Lair:5   | Noticed Adrian566's ghost (journeyman OpFi)
 19456 | Lair:5   | Identified the +8 spear "Neasin" {freeze, Str+5 Int+2 SInv}
 19514 | Lair:5   | Reached XP level 13. HP: 131/144 MP: 12/12
 20180 | Orc:1    | Entered Level 1 of the Orcish Mines
 20249 | Orc:2    | Entered Level 2 of the Orcish Mines
 20249 | Orc:2    | Noticed an ettin
 20249 | Orc:2    | Found Taorphah's General Store.
 20440 | Orc:2    | Found Poqetil's Antique Armour Shoppe.
 20440 | Orc:2    | Noticed an ettin
 20445 | Orc:2    | Noticed an orc warlord
 20453 | Orc:2    | Killed an ettin
 20455 | Orc:2    | Killed an ettin
 20471 | Orc:2    | Slain by an orc warlord

Illustrated notes

Levels and vault maps discovered:
D:1:      lightli_iron_boxes, layout_loops_ring, ebering_ecumenical_altar_hall,
          grunt_decor_clamped
D:2:      layout_basic, basic_altar, minmay_pentomino_z2, uniq_sigmund
D:3:      layout_rooms, serial_shops,
          nicolae_shop_temple_entry_statues_fountains, corexii_leaking_fountain,
          grunt_ministairs_11, minmay_misc_feat_enclosed, saegor_snake_ambush,
          uniq_robin
D:4:      layout_basic, serial_shops, kennysheep_mini_moat,
          nicolae_shop_firing_range
D:5:      layout_basic, marbit_many_paths, enter_ossuary_2,
          nicolae_shop_fire_sale [nicolae_sub_dead_trees], uniq_blork_the_orc
D:6:      layout_loops_ring, mainiacjoe_overflow_alcove_4,
          minmay_temple_entry_nine_rooms, eino_small_chamber_without_monster,
          nicolae_alphabet_shops
D:7:      layout_basic
D:8:      layout_cave_pools, mainiacjoe_overflow_tiny_flanked,
          nicolae_shop_dragon_depot
D:9:      layout_gridville, vehumet_altar_wand_db, zin_angel,
          gammafunk_temple_overflow_statue, hellmonk_ghost_happy_afterlife
D:10:     hellmonk_crumbling_castle, layout_basic,
          mainiacjoe_overflow_concentric_impassable, orc_0_dummy, serial_rivers,
          chequers_serial_rivers_micro_a, chequers_serial_rivers_micro_b,
          chequers_serial_rivers_micro_b, chequers_serial_rivers_room_b,
          chequers_serial_rivers_room_b, nicolae_shop_sticking_my_neck_out
D:11:     layout_basic, dpeg_oklobed_lair
D:12:     layout_gridville, minmay_beelzebubs_servants
Temple:   eino_narrow_crystal_temple
Lair:1:   layout_chaotic_city
Lair:2:   layout_layer_cave, shoals_dummy_entry,
          hellmonk_spider_entry_life_and_decay, serial_bayou_shore_a
Lair:3:   layout_layer_cave, beast_lair_carwin_2, infiniplex_staircase_pool
Lair:4:   layout_gridlike, enter_volcano_4, grunt_megastairs_4,
          serial_bayou_shore_b
Lair:5:   evilmike_catoblepas_cave, layout_hall_layers, slime_entry_1,
          ebering_ghost_funeral_grove
Orc:1:    layout_diamond_mine
Orc:2:    grunt_orc_gardens, layout_diamond_mine, grunt_orc_garden,
          grunt_orc_garden, grunt_orc_garden, grunt_orc_garden,
          gauntlet_entry_generic, serial_shops, nicolae_shop_behind_doors,
          nicolae_diamond_shop, shop, uniq_urug

Skill      XL: |  1  2  3  4  5  6  7  8  9 10 11 12 13 |
---------------+----------------------------------------+-----
Fighting       | 3 4 5 7 9 10 12 13 | 13.0
Stealth        | 1 2 |  2.0
Unarmed Combat | 3 4 6 7 8 10 11 12 | 12.1
Shields        | 3 5 6 7 9 10 | 10.9
Dodging        | 3 |  3.3

Action                   |  1- 3 |  4- 6 |  7- 9 | 10-12 | 13-15 || total
-------------------------+-------+-------+-------+-------+-------++-------
Melee: Unarmed           |    91 |   177 |   291 |   479 |    43 ||  1081
       Dagger            |       |       |       |     2 |       ||     2
       Flail             |       |       |       |    15 |       ||    15
Throw: Stone             |       |     3 |       |     1 |       ||     4
       Javelin           |       |       |     2 |     3 |       ||     5
       Dart              |       |       |       |     9 |       ||     9
       Throwing net      |       |       |       |     2 |       ||     2
Invok: Lunge             |       |       |     8 |    12 |     4 ||    24
       Whirlwind         |       |       |     2 |    23 |     6 ||    31
       Serpent's Lash    |       |       |       |       |     1 ||     1
 Abil: Wall Jump         |       |       |       |    19 |     1 ||    20
Evoke: Wand              |       |       |       |    27 |       ||    27
       Box of beasts     |       |       |       |     1 |     1 ||     2
       Lightning rod     |       |       |       |     4 |       ||     4
  Use: Potion            |     4 |       |     1 |     4 |     4 ||    13
       Scroll            |       |    16 |     7 |    11 |     1 ||    35
 Stab: Sleeping          |     1 |     4 |     2 |       |       ||     7
       Distracted        |       |     1 |       |     1 |       ||     2
       Held in net/web   |       |       |       |     1 |       ||     1
Armor: Robe              |    18 |    53 |       |       |       ||    71
       Animal skin       |       |    18 |    77 |     1 |       ||    96
       Troll leather arm |       |       |       |    79 |     5 ||    84
Dodge: Dodged            |    30 |    82 |    99 |    90 |     6 ||   307
Block: Kite shield       |    17 |    95 |   143 |   358 |    16 ||   629
       Reflection        |       |       |       |     3 |     1 ||     4
